 Dungeon Sprint DCSS version 0.28-a0-1190-g77e1c55843 (webtiles) character file.

Game seed: 739653203783492965

22296 mhtbhm the Warrior (level 12, -14/92 HPs)
             Began as a Gargoyle Fighter on Dec 18, 2021.
             Was an Initiate of Gozag.
             Demolished by an ettin (27 damage)
             ... in the Dungeon (Sprint IX: "|||||||||||||||||||||||||||||").
             The game lasted 00:08:20 (5115 turns).

mhtbhm the Warrior (Gargoyle Fighter)               Turns: 5115, Time: 00:08:21

Health: -14/92     AC: 34    Str: 29    XL:     12   Next: 99%
Magic:  12/12      EV: 11    Int: 11    God:    Gozag
Gold:   5678       SH:  7    Dex:  9    Spells: 11/11 levels left

rFire   + . .      SeeInvis .   a - +2 flail (venom)
rCold   + . .      Faith    .   c - +0 buckler
rNeg    + . .      Spirit   .   b - +0 gold dragon scales
rPois   ∞          Reflect  .   n - +0 helmet
rElec   +          Harm     .   v - +1 cloak
rCorr   .          Rampage  .   (no gloves)
Will    .....      NoTele   +   o - +0 pair of boots
Stlth   ..........              (no amulet)
HPRegen 0.25/turn               p - +2 ring of evasion
MPRegen 0.13/turn               u - +6 ring of strength

@: mighty, gold aura, invisible
A: sickness immunity, AC +8, negative energy resistance 1, electricity
resistance, torment resistance 1, petrification resistance
a: Renounce Religion, Potion Petition, Call Merchant, Bribe Branch


You were in the Dungeon.
You worshipped Gozag.
Gozag was greatly pleased with you.
You visited 1 branch You collected 8600 gold pieces.
You spent 819 gold pieces at shops.
You paid 2103 gold pieces to Gozag.

Inventory:

Hand Weapons
 a - a +2 flail of venom (weapon)
Armour
 b - +0 gold dragon scales (worn)
 c - a +0 buckler (worn)
 n - a +0 helmet (worn)
 o - a +0 pair of boots (worn)
 v - a +1 cloak (worn)
Jewellery
 i - a ring of see invisible
 m - a ring of fire
 p - a +2 ring of evasion (left hand)
 u - a +6 ring of strength (right hand)
Scrolls
 l - 2 scrolls of amnesia
 q - a scroll of fog
 r - 4 scrolls of enchant armour
 s - 2 scrolls of identify
 t - 4 scrolls of enchant weapon
Potions
 d - 2 potions of might
 e - a potion of invisibility
 f - 5 potions of heal wounds
 g - a potion of cancellation
 h - 4 potions of magic
 j - a potion of haste
 k - 5 potions of curing


   Skills:
 + Level 17.6 Fighting
 + Level 17.5 Maces & Flails
 + Level 14.7 Armour
 + Level 11.1 Dodging
 + Level 8.2 Stealth
 + Level 14.2 Shields
 + Level 5.1 Evocations


You had 11 spell levels left.
You didn't know any spells.
Your spell library was empty.

Dungeon Overview and Level Annotations

Branches:
Dungeon (1/1)

Altars:
Cheibriados
Dithmenos
Elyvilon
Fedhas
Gozag
Hepliaklqana
Kikubaaqudgha
Makhleb
Nemelex Xobeh
Okawaru
Qazlal
Ru
Sif Muna
Trog
Uskayaw
Vehumet
Wu Jian
Xom
Yredelemnul
Zin
The Shining One
Beogh
Jiyva
Lugonu

Shops:
D [[[((


Innate Abilities, Weirdness & Mutations

You are immune to sickness and miasma.
Your stone body is resilient. (AC +8)
You are immune to poison.
You resist negative energy. (rN+)
You are resistant to electric shocks. (rElec)
You are resistant to unholy torment.
You are immune to petrification.


Message History

You bludgeon the fire dragon!!
You kill the fire dragon!
You thump the ettin!
The ettin is lightly wounded.
Unknown command.
You catch the helpless ettin completely off-guard!
You bludgeon the ettin!!
The ettin is heavily wounded.
The ettin is distracted by your dazzling golden aura.
You catch the helpless ettin completely off-guard!
You hit the ettin.
The ettin is poisoned.
The ettin is no longer distracted by gold.
The ettin is heavily wounded.
The ettin hits you but does no damage. You block the ettin's attack.
You catch the helpless ettin completely off-guard!
You bludgeon the ettin!!
The ettin looks as sick as possible!
The ettin is almost dead.
The ettin closely misses you.
The ettin hits you with a +0 dire flail!!
You catch the helpless ettin completely off-guard!
You sock the ettin!
The ettin looks as sick as possible!
The ettin is almost dead.
Your gold dragon scales prevents you from hitting the ettin.
The ettin is almost dead.
You kill the ettin!
Your Stealth skill increases to level 8!
You bludgeon the ettin!!
The ettin looks as sick as possible!
The ettin is moderately wounded.
You bludgeon the ettin!!
The ettin looks as sick as possible!
The ettin is severely wounded.
The ice dragon roars deafeningly!
You hear an angry hiss.
Unknown command.
You hit the ettin.
The ettin is almost dead.
The ice dragon roars deafeningly!
The ettin hits you with a +0 dire flail!
* * * LOW HITPOINT WARNING * * *
The ettin hits you with a +0 dire flail of holy wrath!!
You die...
Your body crumbles into a pile of gold.

...'..[[[[..')(.)........'.......
▓▓▓▓▓▓▓▓▓▓▓▓▓▓▓▓▓▓▓▓▓▓▓▓▓▓▓▓▓▓▓▓▓
...)..)..........................
▓▓▓▓▓▓▓▓▓▓▓▓▓▓▓▓▓▓▓▓▓▓▓▓▓▓▓▓▓▓▓▓▓
........'.....∩.∩)∩.∩)))..)......
▓▓▓▓▓▓▓▓▓▓▓▓▓▓▓▓▓▓▓▓▓▓▓▓▓▓▓▓▓▓▓▓▓
.......................).........
▓▓▓▓▓▓▓▓▓▓▓▓▓▓▓▓▓▓▓▓▓▓▓▓▓▓▓▓▓▓▓▓▓
.G{D§DC@§§§$.$$'..∩.....
▓▓▓▓▓▓▓▓▓▓▓▓▓▓▓▓▓▓▓▓▓▓▓▓


You could see an ice dragon (wandering) and an ettin (extremely poisoned).

Vanquished Creatures
  A vampire knight (D)
  2 ettins (D)
  A fire dragon (D)
  2 hydras (D)
  3 centaur warriors (D)
  Erolcha (D)
  2 ogre magi (D)
  A harpy (shapeshifter) (D)
  8 orc knights (D)
  A deep elf pyromancer (D)
  An ugly thing (D)
  A manticore (D)
  Joseph (D)
  8 elephants (D)
  A black mamba (D)
  A gargoyle (D)
  An unseen horror (D)
  A rime drake (D)
  4 cane toads (D)
  An efreet (D)
  3 komodo dragons (D)
  A polar bear (D)
  A hornet (D)
  A yak (D)
  Grum (D)
  A vampire mosquito (D)
  2 water moccasins (D)
  24 orc warriors (D)
  2 wolves (D)
  3 bullfrogs (D)
  A wight (D)
  A hound (D)
  3 orc priests (D)
  An orc wizard (D)
  A white imp (D)
  5 orcs (D)
  An endoplasm (D)
  A goblin (D)
  A quokka (D)
  A ball python skeleton (D)
  A ball python zombie (D)
  A bat (D)
  A kobold (D)
  A rat (D)
101 creatures vanquished.

Vanquished Creatures (others)
  A manticore (D)
1 creature vanquished.

Grand Total: 102 creatures vanquished

Notes
Turn   | Place    | Note
-------+----------+-------------------------------------------
     0 | D        | mhtbhm the Gargoyle Fighter began the quest for the Orb.
     0 | D        | Reached XP level 1. HP: 14/14 MP: 1/1
    65 | D        | Noticed a hound
    74 | D        | Reached XP level 2. HP: 11/20 MP: 2/2
    91 | D        | Reached skill level 5 in Fighting
    91 | D        | Reached skill level 5 in Armour
    91 | D        | Reached XP level 3. HP: 9/26 MP: 3/3
    97 | D        | Found a snail-covered altar of Cheibriados.
    97 | D        | Found a shadowy altar of Dithmenos.
    97 | D        | Found a white marble altar of Elyvilon.
    97 | D        | Found a blossoming altar of Fedhas.
    97 | D        | Found an opulent altar of Gozag.
    98 | D        | Found a hazy altar of Hepliaklqana.
    99 | D        | Found a viscous altar of Jiyva.
   100 | D        | Found an ancient bone altar of Kikubaaqudgha.
   101 | D        | Found a corrupted altar of Lugonu.
   102 | D        | Found a burning altar of Makhleb.
   103 | D        | Found a sparkling altar of Nemelex Xobeh.
   104 | D        | Found an iron altar of Okawaru.
   105 | D        | Became a worshipper of Gozag Ym Sagoz the Greedy
   106 | D        | Found a stormy altar of Qazlal.
   107 | D        | Found a sacrificial altar of Ru.
   108 | D        | Found a shimmering blue altar of Sif Muna.
   109 | D        | Found a bloodstained altar of Trog.
   110 | D        | Found a hide-covered altar of Uskayaw.
   111 | D        | Found a radiant altar of Vehumet.
   112 | D        | Found an ornate altar of the Wu Jian Council.
   113 | D        | Found a shimmering altar of Xom.
   114 | D        | Found a basalt altar of Yredelemnul.
   115 | D        | Found a glowing silver altar of Zin.
   116 | D        | Found a glowing golden altar of the Shining One.
   328 | D        | Noticed an orc warrior
   328 | D        | Noticed a hornet
   328 | D        | Noticed an orc warrior
   333 | D        | Reached skill level 5 in Shields
   333 | D        | Reached XP level 4. HP: 32/32 MP: 4/4
   335 | D        | Killed an unseen horror
   336 | D        | Reached XP level 5. HP: 36/39 MP: 5/5
   336 | D        | Reached XP level 6. HP: 41/44 MP: 6/6
   337 | D        | Killed an orc warrior
   338 | D        | Reached XP level 7. HP: 47/50 MP: 7/7
   459 | D        | Killed a hornet
   460 | D        | Reached skill level 1 in Evocations
   465 | D        | Reached skill level 10 in Armour
   610 | D        | Noticed a vampire mosquito
   610 | D        | Noticed an efreet
   610 | D        | Noticed a manticore
   610 | D        | Noticed a centaur warrior
   610 | D        | Noticed a gargoyle
   610 | D        | Noticed a harpy
   613 | D        | Killed a manticore
   614 | D        | Reached XP level 8. HP: 47/56 MP: 8/8
   614 | D        | Killed a gargoyle
   614 | D        | Killed a centaur warrior
   614 | D        | Killed an efreet
   615 | D        | Reached skill level 10 in Fighting
   615 | D        | Reached skill level 10 in Maces & Flails
   615 | D        | Reached XP level 9. HP: 43/63 MP: 9/9
   616 | D        | Killed a harpy
   822 | D        | Noticed a komodo dragon
   822 | D        | Noticed a four-headed hydra
   822 | D        | Noticed a six-headed hydra
   822 | D        | Noticed a cane toad
   830 | D        | Killed a cane toad
   831 | D        | Reached skill level 10 in Shields
   838 | D        | Noticed a komodo dragon
   839 | D        | Killed a six-headed hydra
   840 | D        | Reached XP level 10. HP: 40/70 MP: 10/10
  1006 | D        | Killed a four-headed hydra
  1303 | D        | Noticed a black mamba
  1303 | D        | Noticed a cane toad
  1303 | D        | Noticed a cane toad
  1308 | D        | Noticed a cane toad
  1318 | D        | Killed a cane toad
  1327 | D        | Killed a cane toad
  1336 | D        | Killed a black mamba
  1356 | D        | Reached skill level 5 in Evocations
  1359 | D        | Killed a cane toad
  1360 | D        | Reached XP level 11. HP: 40/76 MP: 11/11
  1371 | D        | Reached skill level 1 in Stealth
  2099 | D        | Reached skill level 15 in Maces & Flails
  3072 | D        | Noticed an orc knight
  3086 | D        | Killed an orc knight
  3247 | D        | Found Xuqej's Antique Weapon Boutique.
  3247 | D        | Noticed an orc knight
  3247 | D        | Noticed an orc knight
  3247 | D        | Noticed an orc knight
  3253 | D        | Noticed an orc knight
  3267 | D        | Killed an orc knight
  3268 | D        | Reached skill level 10 in Dodging
  3280 | D        | Killed an orc knight
  3281 | D        | Reached skill level 15 in Fighting
  3640 | D        | Killed an orc knight
  3641 | D        | Reached XP level 12. HP: 47/88 MP: 12/12
  3977 | D        | Found Vextenn's Armour Shop.
  3980 | D        | Found Axzam's Armour Boutique.
  3982 | D        | Found Irosinn's Armour Shop.
  4737 | D        | Bought the +4 plate armour of the Raven {rN+ rCorr Int-4
                  | Dex+4} for 598 gold pieces
  4823 | D        | Noticed Erolcha
  4831 | D        | Killed Erolcha
  4840 | D        | Noticed Grum
  4857 | D        | Killed Grum
  4883 | D        | Noticed Joseph
  4899 | D        | Killed Joseph
  5025 | D        | Bought a glowing flail for 221 gold pieces
  5032 | D        | Noticed an ogre mage
  5032 | D        | Noticed a centaur warrior
  5033 | D        | Noticed a centaur warrior
  5044 | D        | Noticed an ogre mage
  5045 | D        | Noticed a vampire knight
  5047 | D        | Noticed an ettin
  5050 | D        | Killed a centaur warrior
  5053 | D        | Killed an ogre mage
  5054 | D        | Reached skill level 5 in Stealth
  5054 | D        | Noticed a fire dragon
  5055 | D        | Noticed an ettin
  5061 | D        | Killed a centaur warrior
  5062 | D        | Noticed an ettin
  5068 | D        | Killed an ogre mage
  5069 | D        | Noticed an ice dragon
  5089 | D        | Killed a vampire knight
  5094 | D        | Paralysed by a floating eye for 4 turns
  5097 | D        | Killed an ettin
  5106 | D        | Killed a fire dragon
  5112 | D        | Killed an ettin
  5115 | D        | Demolished by an ettin

Illustrated notes

Levels and vault maps discovered:
D:        linesprint [early_d, line_temple, items_1, d_10, items_2, lair_1,
          lair_end, items_3, orc_1, orc_end, items_4, d_15, swamp_1, shoals_1,
          snake_1, spider_1, d_20, vaults_1, items_5, swamp_end, shoals_end,
          snake_end, spider_end, vaults_end, d_27, items_6, zot_1, zot_end,
          crypt_end, forest_end, elf_end, slime_end, tomb_end, abyss_end,
          pan_hell_end]

Skill      XL: |  1  2  3  4  5  6  7  8  9 10 11 12 |
---------------+-------------------------------------+-----
Fighting       | 4 5 6 8 9 10 11 12 15 17 | 17.6
Armour         | 4 5 6 8 9 10 12 13 14 | 14.7
Maces & Flails | 3 6 8 10 11 13 16 17 | 17.5
Shields        | 4 5 7 8 9 10 11 12 14 | 14.2
Dodging        | 2 4 6 7 8 10 11 | 11.1
Evocations     | 1 2 3 5 |  5.1
Stealth        | 3 8 |  8.2

Action                   |  1- 3 |  4- 6 |  7- 9 | 10-12 || total
-------------------------+-------+-------+-------+-------++-------
Melee: Flail             |    39 |     5 |    41 |   656 ||   741
Invok: Potion Petition   |       |       |     1 |     4 ||     5
       Call Merchant     |       |       |       |     1 ||     1
Evoke: Wand              |     2 |       |     7 |     1 ||    10
  Use: Potion            |     2 |       |     1 |     9 ||    12
       Scroll            |       |       |       |     4 ||     4
 Stab: Distracted        |       |       |       |     2 ||     2
       Invisible         |       |       |       |    14 ||    14
Armor: Scale mail        |    17 |       |       |       ||    17
       Ring mail         |       |     1 |    24 |   111 ||   136
       Gold dragon scale |       |       |       |    30 ||    30
       Plate armour      |       |       |       |    10 ||    10
Dodge: Dodged            |    22 |       |    37 |   210 ||   269
Block: Buckler           |     6 |     1 |    16 |   121 ||   144

Table legend: (Time is in decaauts)
 A = Elapsed time spent in this place.
 B = Non-inter-level travel time spent in this place.
 C = Inter-level travel time spent in this place.
 D = Time resting spent in this place.
 E = Time spent auto-exploring this place.
 F = Levels seen in this place.
 G = Mean time per level.
                   A        B        C        D        E       F      G
               +--------+--------+--------+--------+--------+-----+--------+
         Total |   4909 |   4909 |      0 |   2189 |   1310 |   1 | 4909.0 |
       Dungeon |   4909 |   4909 |      0 |   2189 |   1310 |   1 | 4909.0 |
               +--------+--------+--------+--------+--------+-----+--------+

Top non-repeatable levels by time:
       D: 4909 daAuts
